 Dungeon Crawl Stone Soup version 0.20.0-15-g7f486f2 (webtiles) character file.

30 Chiseanne the Magician (level 3, 24/24 HPs)
             Began as a Demonspawn Wizard on June 14, 2017.
             Quit the game on level 2 of the Dungeon.
             The game lasted 00:01:45 (1416 turns).

Chiseanne the Magician (Demonspawn Wizard)          Turns: 1416, Time: 00:01:46

Health: 24/24      AC:  3    Str:  7    XL:     3   Next: 5%
Magic:  4/8        EV: 12    Int: 20    God:
Gold:   8          SH:  0    Dex: 11    Spells: 8/9 levels left

rFire    . . .     SeeInvis .   i - +0 mace
rCold    . . .     Gourm    .   (no shield)
rNeg     . . .     Faith    .   a - +0 robe
rPois    .         Spirit   .   b - +0 hat
rElec    .         Reflect  .   (no cloak)
rCorr    .         Harm     .   (no gloves)
MR       .....                  (no boots)
Stlth    ++........             (no amulet)
Regen    0.1/turn               (no ring)
MPRegen  0.2/turn               (no ring)

@: no status effects
A: claws 1, rugged brown scales 1
a: no special abilities


You were on level 2 of the Dungeon.
You were not hungry.

You visited 1 branch of the dungeon, and saw 2 of its levels.

You collected 8 gold pieces.

Inventory:

Hand Weapons
 i - a +0 mace (weapon)
Missiles
 f - 8 sling bullets
 g - 44 stones (quivered)
 k - 34 poisoned needles
 q - 25 bolts
Armour
 a - a +0 robe (worn)
 b - a +0 hat (worn)
 l - a +0 buckler
Jewellery
 m - an uncursed ring of fire
Scrolls
 t - a scroll of identify
Potions
 e - a potion of brilliance {unknown}
 h - a potion of agility {unknown}
 j - a potion of might {unknown}
 n - 2 potions of lignification {unknown}
 o - a potion of invisibility {unknown}
Books
 c - a book of Minor Magic

   Spells                             Type                      Level
   a - Magic Dart                     Conjuration                  1
   b - Blink                          Translocation                2
   c - Call Imp                       Summoning                    2
   d - Slow                           Hexes                        2
   e - Conjure Flame                  Conjuration/Fire             3
   f - Mephitic Cloud                 Conjuration/Poison/Air       3
Comestibles
 d - a bread ration
 p - a royal jelly
 r - a meat ration
 s - 2 chunks of flesh


   Skills:
 - Level 1.7 Dodging
 - Level 1.7 Stealth
 * Level 3.5 Spellcasting
 * Level 2.2 Conjurations
   Level 1.0 Summonings
   Level 0.8 Translocations


You had 8 spell levels left.
You knew the following spells:

 Your Spells              Type           Power        Failure   Level  Hunger
a - Magic Dart            Conj           ##..         5%          1    None


Dungeon Overview and Level Annotations

Branches:
Dungeon (2/15)

Altars:


Innate Abilities, Weirdness & Mutations

You have sharp fingernails.
You are partially covered in rugged brown scales. (AC +1, +3% HP)


Message History

Casting: Magic Dart
Confirm with . or Enter, or press ? or * to list all spells.
Aiming: Magic Dart
Press: ? - help, Shift-Dir - straight line, f/p - dart slug
Aim: a dart slug (heavily wounded, clinging)
The magic dart hits the dart slug.
The dart slug is almost dead.
Casting: Magic Dart
Confirm with . or Enter, or press ? or * to list all spells.
Aiming: Magic Dart
Press: ? - help, Shift-Dir - straight line, f/p - dart slug
Aim: a dart slug (almost dead, clinging)
The magic dart hits the dart slug.
You kill the dart slug!
You have reached level 3!
Your experience leads to an increase in your attributes!
Increase (S)trength, (I)ntelligence, or (D)exterity?
You feel clever.
Your demonic ancestry asserts itself...
Your fingernails lengthen.
Are you sure you want to abandon this character and quit the game? (Confirm with "yes".)

....##..)......#
.......÷........
....##....#.#.##
... #....#.#.# #
#..#...#.#
#......#.#
#......#.#
##.......####.#
####..@....?†.
#.######...####.#.
...........#
#.#######......
#..#### #..# #...
..... .##.#


There were no monsters in sight!

Vanquished Creatures
  An adder zombie (D:1)
  2 dart slugs
  A leopard gecko (D:2)
  A bat zombie (D:1)
  2 giant cockroaches (D:1)
  3 goblins
  2 hobgoblins (D:1)
  2 jackals (D:2)
  A kobold (D:1)
  3 frilled lizards
  2 rats (D:2)
20 creatures vanquished.

Notes
Turn   | Place    | Note
-------+----------+-------------------------------------------
     0 | D:1      | Chiseanne the Demonspawn Wizard began the quest for the Orb.
     0 | D:1      | Reached XP level 1. HP: 13/13 MP: 4/4
   321 | D:1      | Gained mutation: You are partially covered in rugged brown scales. (AC +1, +3% HP) [demonic ancestry]
   321 | D:1      | Reached XP level 2. HP: 13/19 MP: 3/6
  1415 | D:2      | Gained mutation: You have sharp fingernails. [demonic ancestry]
  1415 | D:2      | Reached XP level 3. HP: 24/24 MP: 4/8
  1416 | D:2      | Quit the game

Skill      XL: |  1  2 |
---------------+-------+-----
Conjurations   | 2 |  2.2
Dodging        | |  1.7
Stealth        | |  1.7
Spellcasting   | |  3.5
Summonings     | |  1.0
Translocations | |  0.8

Action                   || total
-------------------------++-------
Melee: Mace              ||    10
 Cast: Magic Dart        ||    60
  Use: Scroll            ||     2
  Eat: Chunk             ||     1
Armor: Robe              ||     1
Dodge: Dodged            ||    23
